 Dungeon Crawl Stone Soup version 0.22.1-1-ga44c0e5 (webtiles) character file.

23 Irenicus the Charlatan (level 2, -3/25 HPs)
             Began as a Deep Dwarf Artificer on Sept 24, 2018.
             Killed from afar by an orc wizard (10 damage)
             ... with a puff of flame
             ... on level 2 of the Dungeon.
             The game lasted 00:03:41 (412 turns).

Irenicus the Charlatan (Deep Dwarf Artificer)        Turns: 412, Time: 00:03:43

Health: -3/25      AC:  4    Str: 15    XL:     2   Next: 75%
Magic:  5/5        EV: 12    Int: 11    God:
Gold:   16         SH:  0    Dex: 13    Spells: 1/1 levels left

rFire    . . .     SeeInvis .   k - +0 club
rCold    . . .     Gourm    .   (no shield)
rNeg     . . .     Faith    .   b - +0 leather armour
rPois    .         Spirit   .   (no helmet)
rElec    .         Reflect  .   j - +0 cloak
rCorr    .         Harm     .   (no gloves)
MR       +....                  (no boots)
Stlth    +.........             (no amulet)
HPRegen  0.00/turn              m - ring of protection from magic
MPRegen  0.09/turn              (no ring)

@: lethally poisoned (-3 -> -27), non-regenerating
A: damage resistance, heal wounds, sense surroundings 1, no regeneration
a: Heal Wounds


You were on level 2 of the Dungeon.
You were not hungry.

You visited 1 branch of the dungeon, and saw 2 of its levels.

You collected 16 gold pieces.

Inventory:

Hand Weapons
 a - a +0 short sword
 k - a +0 club (weapon)
 l - a +0 whip
Armour
 b - a +0 leather armour (worn)
 j - a +0 cloak (worn)
Jewellery
 m - a ring of protection from magic (left hand)
Wands
 c - a wand of flame (15)
 d - a wand of enslavement (13)
 e - a wand of random effects (15)
Scrolls
 g - 3 scrolls of identify {unknown}
 h - a scroll of remove curse {unknown}
Comestibles
 f - a ration


   Skills:
 - Level 1.0 Fighting
 - Level 0.8 Short Blades
 + Level 1.1 Maces & Flails
 - Level 2.1 Dodging
 - Level 1.2 Stealth
 - Level 5.0 Evocations


You had one spell level left.
You didn't know any spells.
Your spell library was empty.

Dungeon Overview and Level Annotations

Branches:
Dungeon (2/15)

Altars:


Innate Abilities, Weirdness & Mutations

You are resistant to damage.
You can heal yourself by infusing magical energy.
You passively map a small area around you.
You do not regenerate.


Message History

The orc wizard hits you but does no damage.
You are more poisoned.
You closely miss the orc wizard.
The orc wizard is heavily wounded.
You feel sick.
The orc wizard hits you but does no damage.
You are lethally poisoned!
You closely miss the orc wizard.
The orc wizard is heavily wounded.
You feel very sick.
The orc wizard hits you but does no damage.
You are more poisoned.
The orc wizard closely misses you.
You hit the orc wizard but do no damage.
The orc wizard is heavily wounded.
* * * LOW HITPOINT WARNING * * *
You feel very sick. The orc wizard casts a spell at you.
The puff of flame hits you!
You die...

...** *
#..#.#...#.###S ..##
, , #.......#.# * ..#
*#.#.#...# #* ,
..#.......#.#.##)##.#
#o8...8.#.#...)...# *
#......o#.####.#### *
#.l.....#.# #r# , *
#....o.o#.# #o#
#.8.o.8.#.####@# ,*
#.......#.....># *
..........###### *
##.....#### * ##.#..
##.#.* ###.* * #. #.
*


You could see an orc wizard and a rat.

Vanquished Creatures
  A dart slug (D:1)
  3 giant cockroaches
  3 hobgoblins (D:1)
  A kobold (D:1)
  2 bats (D:1)
  A frilled lizard (D:2)
  2 goblins
  2 rats (D:1)
15 creatures vanquished.

Vanquished Creatures (collateral kills)
  4 orcs (D:2)
  A frilled lizard (D:2)
5 creatures vanquished.

Grand Total: 20 creatures vanquished

Notes
Turn   | Place    | Note
-------+----------+-------------------------------------------
     0 | D:1      | Irenicus the Deep Dwarf Artificer began the quest for the
                  | Orb.
     0 | D:1      | Reached XP level 1. HP: 16/16 MP: 3/3
   179 | D:1      | Reached XP level 2. HP: 24/24 MP: 5/5
   232 | D:1      | Reached skill level 5 in Evocations
   243 | D:1      | Reached skill level 1 in Fighting
   394 | D:2      | Reached skill level 1 in Maces & Flails
   412 | D:2      | Killed from afar by an orc wizard

Skill      XL: |  1  2 |
---------------+-------+-----
Evocations     | 5 |  5.0
Fighting       | 1 |  1.0
Maces & Flails | 1 |  1.1
Short Blades   | |  0.8
Dodging        | |  2.1
Stealth        | |  1.2

Action                   || total
-------------------------++-------
Melee: Short sword       ||    29
       Club              ||    40
Evoke: Wand              ||     2
  Use: Potion            ||     1
 Stab: Sleeping          ||     2
Armor: Leather armour    ||    19
Dodge: Dodged            ||    42
